 Dungeon Crawl Stone Soup version 0.24-a0-48-g0ecae65 (webtiles) character file.

Game seed: 11040690725776962599

244 Geeful the Nimble (level 6, -15/36 HPs)
             Began as an Octopode Conjurer on Feb 3, 2019.
             Killed from afar by Eustachio (21 damage)
             ... with a wand of acid (7)
             ... on level 4 of the Dungeon.
             The game lasted 00:12:20 (3071 turns).

Geeful the Nimble (Octopode Conjurer)               Turns: 3071, Time: 00:12:21

Health: -15/36     AC:  1    Str:  8      XL:     6   Next: 10%
Magic:  11/14      EV: 19    Int: 18 (19) God:
Gold:   181        SH:  0    Dex: 11 (12) Spells: 9/19 levels left

rFire    . . .     SeeInvis .   a - +0 dagger (drain)
rCold    . . .     Gourm    .   (no shield)
rNeg     . . .     Faith    .   (helmet restricted)
rPois    .         Spirit   .   (no amulet)
rElec    +         Reflect  .   (no ring)
rCorr    .         Harm     .   (no ring)
MR       .....                  (no ring)
Stlth    +++.......             (no ring)
HPRegen  0.12/turn              (no ring)
MPRegen  0.14/turn              (no ring)
                                (no ring)
                                (no ring)

@: no status effects
A: almost no armour, stealthy swim, amphibious, 8 rings, constrict 8, repulsion
field 1, camouflage 1, deterioration 1, low mp 1, electricity resistance,
gelatinous body 1
a: no special abilities


You were on level 4 of the Dungeon.
You were not hungry.

You visited 1 branch of the dungeon, and saw 4 of its levels.

You collected 181 gold pieces.

Inventory:

Hand Weapons
 a - a +0 dagger of draining (weapon)
Scrolls
 c - a scroll of magic mapping {unknown}
 e - 5 scrolls of identify
 i - 2 scrolls of teleportation {unknown}
Potions
 d - 2 potions of cancellation
 f - a potion of resistance
 g - 3 potions of curing {unknown}
 h - a potion of heal wounds
Comestibles
 b - 13 rations
 j - 2 chunks of flesh


   Skills:
 + Level 8.0 Dodging
 + Level 4.1 Stealth
 + Level 7.3 Spellcasting
 + Level 4.5 Conjurations


You had 9 spell levels left.
You knew the following spells:

 Your Spells              Type           Power        Failure   Level  Hunger
a - Magic Dart            Conj           ###.         1%          1    None
b - Dazzling Spray        Conj/Hex       ##....       12%         3    #......
c - Iskenderun's Mystic   Conj           ###.....     16%         4    ###....
d - Searing Ray           Conj           ###...       2%          2    None

Your spell library contained the following spells:

 Spells                   Type           Power        Failure   Level  Hunger
 Force Lance              Conj/Tloc      ##......     38%         4    ###....
 Fulminant Prism          Conj/Hex       ##........   38%         4    ###....


Dungeon Overview and Level Annotations

Branches:
Dungeon (4/15)
 Temple: D:4-7

Altars:

Annotations:
D:4 Eustachio


Innate Abilities, Weirdness & Mutations

You cannot wear most types of armour.
You are very stealthy in the water. (Stealth+)
You are amphibious.
You can wear up to eight rings at the same time.
You can use your tentacles to constrict eight enemies at once.
Your skin changes colour to match your surroundings (Stealth+).
Your rubbery body absorbs attacks. (AC +1, EV +1)
You are surrounded by a mild repulsion field. (EV +2)
Your body sometimes deteriorates upon taking damage.
Your magical capacity is low. (-10% MP)
You are resistant to electric shocks. (rElec)


Message History

You constrict Eustachio. The rat bites you.
* * * LOW HITPOINT WARNING * * *
You hit Eustachio.
You squeeze Eustachio, but do no damage.
Eustachio is severely wounded.
You constrict Eustachio.
Eustachio struggles against the net.
The rat barely misses you.
You hit Eustachio.
Eustachio is severely wounded.
You constrict Eustachio, but do no damage.
Eustachio struggles against the net.
The rat completely misses you.
You hit Eustachio but do no damage. You drain Eustachio.
Eustachio is almost dead.
You constrict Eustachio.
Eustachio struggles against the net.
The net rips apart, and Eustachio comes free!
The rat barely misses you.
You release your grip on Eustachio.
Eustachio zaps a wand.
The bolt of acid hits you!!
Ouch! That really hurt!
You die...

######.....###############......
............#....#..............
............#......#....5.......
............#......#............
............#......#....ยง.......
............'......#......5.....
............#......#...@<.......
............########............
...###'########.@.#########.....
...#....#........r@....... ....
...#....#................. ...
...#....#................. ..
...#....#................. .
...#'####'################
.................
.................
.................


You could see Eustachio and a rat.

Vanquished Creatures
  A crimson imp (D:3)
  A bullfrog skeleton (D:4)
  Terence (D:2)
  A hound skeleton (D:4)
  3 adders (D:3)
  2 oozes (D:1)
  2 worms (D:3)
  2 dart slugs (D:3)
  A leopard gecko (D:3)
  7 orcs
  A giant cockroach (D:4)
  7 hobgoblins
  4 jackals (D:1)
  2 quokkas
  A ball python (D:4)
  4 bats
  4 frilled lizards
  4 goblins
  6 kobolds
  3 rats
  A plant (D:1)
58 creatures vanquished.

Notes
Turn   | Place    | Note
-------+----------+-------------------------------------------
     0 | D:1      | Geeful the Octopode Conjurer began the quest for the Orb.
     0 | D:1      | Reached XP level 1. HP: 11/11 MP: 3/3
   367 | D:1      | Reached XP level 2. HP: 12/17 MP: 0/5
   756 | D:1      | Reached XP level 3. HP: 21/21 MP: 6/6
  1357 | D:2      | Reached skill level 7 in Dodging
  1357 | D:2      | Reached XP level 4. HP: 27/27 MP: 7/13
  1410 | D:2      | Noticed Terence
  1465 | D:1      | Learned a level 3 spell: Dazzling Spray
  1470 | D:1      | Learned a level 4 spell: Iskenderun's Mystic Blast
  1681 | D:2      | Killed Terence
  1832 | D:2      | Learned a level 2 spell: Searing Ray
  1877 | D:3      | Gained mutation: Your body sometimes deteriorates upon
                  | taking damage. [potion of mutation]
  1877 | D:3      | Gained mutation: Your magical capacity is low. (-10% MP)
                  | [potion of mutation]
  1877 | D:3      | Gained mutation: You are surrounded by a mild repulsion
                  | field. (EV +2) [potion of mutation]
  1877 | D:3      | Gained mutation: You are resistant to electric shocks.
                  | (rElec) [potion of mutation]
  2030 | D:3      | Reached XP level 5. HP: 31/31 MP: 8/13
  2572 | D:4      | Noticed Eustachio
  2870 | D:4      | Reached skill level 8 in Dodging
  2870 | D:4      | Reached XP level 6. HP: 36/36 MP: 5/14
  3071 | D:4      | Killed from afar by Eustachio

Vault maps used:
D:1:      kennysheep_arrival_seaside, minmay_tetromino_t2
D:2:      uniq_terence
D:3:      first_ration
D:4:      minmay_temple_entry_hall, uniq_robin, uniq_eustachio, uniq_purgy

Skill      XL: |  1  2  3  4  5 |
---------------+----------------+-----
Stealth        | 3 4 |  4.1
Dodging        | 7 8 |  8.0
Spellcasting   | 7 |  7.3
Conjurations   | |  4.5

Action                   |  1- 3 |  4- 6 || total
-------------------------+-------+-------++-------
Melee: Dagger            |    73 |    51 ||   124
       Constrict         |    13 |    13 ||    26
       Unarmed           |     2 |       ||     2
       Tentacles         |    15 |    13 ||    28
Throw: Throwing net      |       |     1 ||     1
 Cast: Magic Dart        |    16 |     6 ||    22
       Iskenderun's Myst |       |     4 ||     4
       Searing Ray       |       |     8 ||     8
  Use: Scroll            |     2 |     8 ||    10
       Potion            |     1 |     1 ||     2
 Stab: Sleeping          |     1 |     8 ||     9
  Eat: Chunk             |     2 |     5 ||     7
Armor: Skin              |     9 |       ||     9
Dodge: Dodged            |    24 |    53 ||    77

Table legend:
 A = Non-vault XP
 B = Vault XP
 C = Vault XP percentage of total XP
 D = Non-vault monster count
 E = Vault monster count
 F = Vault count percentage of total count
                 A         B        C        D         E       F
            +---------+---------+-------+---------+---------+-------
      Total |     254 |      37 |  12.7 |      55 |       2 |   3.5
            +---------+---------+-------+---------+---------+-------
        D:1 |      36 |       1 |   2.7 |      17 |       1 |   5.6
        D:2 |      18 |      36 |  66.7 |      10 |       1 |   9.1
        D:3 |     128 |       0 |   0.0 |      19 |       0 |   0.0
        D:4 |      72 |       0 |   0.0 |       9 |       0 |   0.0
            +---------+---------+-------+---------+---------+-------
